TOP OF THE 1ST |
Hendersonville Hitmen batting - Pitching for New Orleans Looters : RHP Étienne Garcia
|
Pitching: RHP Étienne Garcia
|
|
Batting: SHB José Estreito
|
0-0: Ball 1-0: Bunted foul 1-1: Ball 2-1: Ground out 6-3 (Groundball, 56)
|
Batting: RHB Boyd Pittman
|
0-0: Ball 1-0: Ball 2-0: Foul Ball, location: 2F 2-1: Foul Ball, location: 2F 2-2: Foul Ball, location: 2F 2-2: Strikes out swinging
|
Batting: LHB Pedro Gonzáles
|
0-0: SINGLE (Groundball, 6MD)
|
Batting: LHB Robert Phillips
|
0-0: SINGLE (Flyball, 7LS) Pedro Gonzáles to second
|
Batting: SHB Rick Turner
|
0-0: Ball 1-0: Fielders Choice at 2nd, 6-4 (Groundball, 6)
|
Top of the 1st over - 0 runs, 2 hits, 0 errors, 2 left on base; Hendersonville 0 - New Orleans 0 |
BOTTOM OF THE 1ST |
New Orleans Looters batting - Pitching for Hendersonville Hitmen : RHP Paul Ewing
|
Pitching: RHP Paul Ewing
|
|
Batting: LHB Miguel Colón
|
0-0: Ball 1-0: Ball 2-0: Called Strike 2-1: Foul Ball, location: 2F 2-2: Strikes out swinging
|
Batting: RHB Rubén Vázquez
|
0-0: Ball 1-0: Ball 2-0: Foul Ball, location: 2F 2-1: Ball 3-1: Base on Balls
|
Batting: SHB Arturo Sánchez
|
0-0: Swinging Strike 0-1: Called Strike 0-2: Grounds into double play, 5-4-3 (Groundball, 56)
|
Bottom of the 1st over - 0 runs, 0 hits, 0 errors, 0 left on base; Hendersonville 0 - New Orleans 0 |
TOP OF THE 2ND |
Hendersonville Hitmen batting - Pitching for New Orleans Looters : RHP Étienne Garcia
|
Batting: RHB Felipe Jareño
|
0-0: Ball 1-0: Fly out, F7 (Flyball, 7S)
|
Batting: SHB Félix Montoya
|
0-0: Ball 1-0: Swinging Strike 1-1: Foul Ball, location: 2F 1-2: Foul Ball, location: 2F 1-2: Ball 2-2: Ground out U3 (Groundball, 3)
|
Batting: LHB Miguel García
|
0-0: Ball 1-0: Fly out, F8 (Flyball, 89M)
|
Top of the 2nd over - 0 runs, 0 hits, 0 errors, 0 left on base; Hendersonville 0 - New Orleans 0 |
BOTTOM OF THE 2ND |
New Orleans Looters batting - Pitching for Hendersonville Hitmen : RHP Paul Ewing
|
Batting: LHB Eduardo Rodríguez
|
0-0: Ball 1-0: Ball 2-0: Ball 3-0: Called Strike 3-1: SINGLE (Groundball, 4MD)
|
Batting: RHB Greg Handrahan
|
0-0: Called Strike Eduardo Rodríguez steals 2nd base 0-1: Foul Ball, location: 2F 0-2: Ball 1-2: Foul Ball, location: 2F 1-2: Ball 2-2: Strikes out swinging
|
Batting: RHB Dan Banks
|
0-0: Called Strike 0-1: Ball 1-1: Ball 2-1: Ball 3-1: Called Strike 3-2: DOUBLE (Flyball, 89D) Eduardo Rodríguez scores
|
Batting: RHB Tim Gardner
|
0-0: SINGLE (Groundball, 6D) Dan Banks to third Runner from 3rd tries for Home, SAFE, no throw
|
Batting: RHB Run-ming Zhu
|
0-0: Foul Ball, location: 2F 0-1: Ball 1-1: Ball 2-1: Grounds into double play, 6-4-3 (Groundball, 6)
|
Bottom of the 2nd over - 2 runs, 3 hits, 0 errors, 0 left on base; Hendersonville 0 - New Orleans 2 |
TOP OF THE 3RD |
Hendersonville Hitmen batting - Pitching for New Orleans Looters : RHP Étienne Garcia
|
Batting: RHB Carlos Flores
|
0-0: Swinging Strike 0-1: Ground out 6-3 (Groundball, 6)
|
Batting: SHB José Estreito
|
0-0: Called Strike 0-1: Ball 1-1: Foul Ball, location: 2F 1-2: Strikes out looking
|
Batting: RHB Boyd Pittman
|
0-0: Ground out 6-3 (Groundball, 6S)
|
Top of the 3rd over - 0 runs, 0 hits, 0 errors, 0 left on base; Hendersonville 0 - New Orleans 2 |
BOTTOM OF THE 3RD |
New Orleans Looters batting - Pitching for Hendersonville Hitmen : RHP Paul Ewing
|
Batting: LHB Mario Álvarez
|
0-0: Called Strike 0-1: Ball 1-1: Ground out 4-3 (Groundball, 4)
|
Batting: LHB Miguel Colón
|
0-0: Ball 1-0: Called Strike 1-1: Ball 2-1: Foul Ball, location: 2F 2-2: Foul Ball, location: 2F 2-2: SINGLE (Line Drive, 78M)
|
Batting: RHB Rubén Vázquez
|
0-0: Ball 1-0: Called Strike 1-1: Grounds into double play, 4-6-3 (Groundball, 4)
|
Bottom of the 3rd over - 0 runs, 1 hit, 0 errors, 0 left on base; Hendersonville 0 - New Orleans 2 |
TOP OF THE 4TH |
Hendersonville Hitmen batting - Pitching for New Orleans Looters : RHP Étienne Garcia
|
Batting: LHB Pedro Gonzáles
|
0-0: Ball 1-0: Called Strike 1-1: Ball 2-1: Ground out 6-3 (Groundball, 6)
|
Batting: LHB Robert Phillips
|
0-0: Called Strike 0-1: Ball 1-1: Ball 2-1: SINGLE (Line Drive, 4D)
|
Batting: SHB Rick Turner
|
0-0: Ball 1-0: Called Strike 1-1: Fly out, F8 (Flyball, 8LXD)
|
Batting: RHB Felipe Jareño
|
0-0: Fly out, F9 (Flyball, 9LSF)
|
Top of the 4th over - 0 runs, 1 hit, 0 errors, 1 left on base; Hendersonville 0 - New Orleans 2 |
BOTTOM OF THE 4TH |
New Orleans Looters batting - Pitching for Hendersonville Hitmen : RHP Paul Ewing
|
Batting: SHB Arturo Sánchez
|
0-0: Ball 1-0: Ball 2-0: Ball 3-0: Called Strike 3-1: Foul Ball, location: 2F 3-2: Base on Balls
|
Batting: LHB Eduardo Rodríguez
|
0-0: Called Strike 0-1: Ball 1-1: Ball 2-1: Grounds into double play, 4-6-3 (Groundball, 4)
|
Batting: RHB Greg Handrahan
|
0-0: Called Strike 0-1: Ground out 4-3 (Groundball, 4S)
|
Bottom of the 4th over - 0 runs, 0 hits, 0 errors, 0 left on base; Hendersonville 0 - New Orleans 2 |
TOP OF THE 5TH |
Hendersonville Hitmen batting - Pitching for New Orleans Looters : RHP Étienne Garcia
|
Pitching: RHP Anthony O'Connor
|
|
Batting: SHB Félix Montoya
|
0-0: Foul Ball, location: 2F 0-1: Ball 1-1: Called Strike 1-2: Ball 2-2: Ground out 4-3 (Groundball, 4)
|
Batting: LHB Miguel García
|
0-0: Foul Ball, location: 2F 0-1: Foul Ball, location: 2F 0-2: Strikes out swinging
|
Batting: RHB Carlos Flores
|
0-0: Ball 1-0: Ball 2-0: Ground out 6-3 (Groundball, 6)
|
Top of the 5th over - 0 runs, 0 hits, 0 errors, 0 left on base; Hendersonville 0 - New Orleans 2 |
BOTTOM OF THE 5TH |
New Orleans Looters batting - Pitching for Hendersonville Hitmen : RHP Paul Ewing
|
Pitching: RHP Júlio Lucchi
|
|
Batting: RHB Dan Banks
|
0-0: Ball 1-0: Swinging Strike 1-1: DOUBLE (Line Drive, 8RXD)
|
Batting: RHB Tim Gardner
|
0-0: Called Strike 0-1: Fly out, F3 (Line Drive, 3S)
|
Batting: RHB Run-ming Zhu
|
0-0: Ball 1-0: Called Strike 1-1: SINGLE (Groundball, 34S) (infield hit) Dan Banks to third
|
Batting: LHB Mario Álvarez
|
0-0: Called Strike 0-1: Swinging Strike 0-2: Ball 1-2: Ball 2-2: Ball 3-2: Strikes out looking
|
Batting: LHB Miguel Colón
|
0-0: Ball 1-0: Ball 2-0: Ball 3-0: Base on Balls Run-ming Zhu to second
|
Batting: RHB Rubén Vázquez
|
0-0: Fielders Choice at 2nd, 5-4 (Groundball, 56)
|
Bottom of the 5th over - 0 runs, 2 hits, 0 errors, 3 left on base; Hendersonville 0 - New Orleans 2 |
TOP OF THE 6TH |
Hendersonville Hitmen batting - Pitching for New Orleans Looters : RHP Anthony O'Connor
|
Batting: SHB José Estreito
|
0-0: Hit by Pitch
|
Batting: RHB Boyd Pittman
|
0-0: Ball 1-0: Called Strike 1-1: Ball 2-1: Called Strike 2-2: Foul Ball, location: 2F 2-2: Foul Ball, location: 2F 2-2: Ball 3-2: Strikes out looking
|
Batting: LHB Pedro Gonzáles
|
0-0: Ball 1-0: Ball 2-0: Ball 3-0: Base on Balls José Estreito to second
|
Batting: LHB Robert Phillips
|
0-0: Called Strike 0-1: Foul Ball, location: 2F 0-2: Ball 1-2: Grounds into double play, 6-4-3 (Groundball, 6)
|
Top of the 6th over - 0 runs, 0 hits, 0 errors, 1 left on base; Hendersonville 0 - New Orleans 2 |
BOTTOM OF THE 6TH |
New Orleans Looters batting - Pitching for Hendersonville Hitmen : RHP Júlio Lucchi
|
Batting: SHB Arturo Sánchez
|
0-0: Ground out 6-3 (Groundball, 6M)
|
Batting: LHB Eduardo Rodríguez
|
0-0: Ball 1-0: Ball 2-0: Ball 3-0: Base on Balls
|
Batting: RHB Greg Handrahan
|
0-0: Called Strike 0-1: Foul Ball, location: 2F 0-2: Ball 1-2: Strikes out swinging
|
Batting: RHB Dan Banks
|
0-0: Swinging Strike Pickoff Throw to First - Out!
|
Bottom of the 6th over - 0 runs, 0 hits, 0 errors, 0 left on base; Hendersonville 0 - New Orleans 2 |
TOP OF THE 7TH |
Hendersonville Hitmen batting - Pitching for New Orleans Looters : RHP Anthony O'Connor
|
Batting: SHB Rick Turner
|
0-0: Swinging Strike 0-1: Foul Ball, location: 2F 0-2: Ball 1-2: Strikes out swinging
|
Batting: RHB Felipe Jareño
|
0-0: Foul Ball, location: 2F 0-1: Foul Ball, location: 2F 0-2: Strikes out looking
|
Batting: SHB Félix Montoya
|
0-0: Ball 1-0: Ball 2-0: Called Strike 2-1: Fly out, F5 (Popup, 25)
|
Top of the 7th over - 0 runs, 0 hits, 0 errors, 0 left on base; Hendersonville 0 - New Orleans 2 |
BOTTOM OF THE 7TH |
New Orleans Looters batting - Pitching for Hendersonville Hitmen : RHP Júlio Lucchi
|
Batting: RHB Dan Banks
|
0-0: Swinging Strike 0-1: Ball 1-1: SINGLE (Flyball, 78S)
|
Batting: RHB Tim Gardner
|
0-0: Bunt missed! 0-1: Bunted foul 0-2: Strikes out swinging
|
Batting: RHB Run-ming Zhu
|
0-0: Ball 1-0: Ball 2-0: DOUBLE (Flyball, 89D) Dan Banks to third
|
Pinch Hitting: LHB Taylor Smith
|
0-0: Ball 1-0: Ball 2-0: Ball 3-0: Called Strike 3-1: Base on Balls
|
Pinch Hitting: LHB John Hudson
|
0-0: Ball 1-0: Grounds into fielders choice 3-2 (Groundball, 3S) Run-ming Zhu to third Taylor Smith to second
|
Pinch Hitting: RHB Dave O'Loan
|
0-0: Called Strike 0-1: Ball 1-1: Swinging Strike 1-2: Strikes out swinging
|
Bottom of the 7th over - 0 runs, 2 hits, 0 errors, 3 left on base; Hendersonville 0 - New Orleans 2 |
TOP OF THE 8TH |
Hendersonville Hitmen batting - Pitching for New Orleans Looters : RHP Anthony O'Connor
|
Pitching: LHP Juan Méndez
|
|
Now at 1B: Taylor Smith
|
|
Now at 2B: Dave O'Loan
|
|
Now in RF: John Hudson
|
|
Batting: LHB Miguel García
|
0-0: Ball 1-0: Foul Ball, location: 2F 1-1: Called Strike 1-2: SINGLE (Line Drive, 3)
|
Batting: RHB Carlos Flores
|
0-0: Ball 1-0: SINGLE (Flyball, 9LM) Miguel García to second Runner from 2nd tries for 3rd, SAFE, no throw
|
Pinch Hitting: LHB José Berroa
|
0-0: Swinging Strike 0-1: Ball 1-1: SINGLE (Line Drive, 6) Miguel García scores Carlos Flores to second
|
Pinch Hitting: LHB Pedro Rodríguez
|
0-0: Swinging Strike 0-1: Foul Ball, location: 2F 0-2: Foul Ball, location: 2F 0-2: Foul Ball, location: 2F 0-2: Ball 1-2: Foul Ball, location: 2F 1-2: Ball 2-2: Strikes out swinging
|
Pinch Hitting: LHB Milo Glenn
|
0-0: Ball 1-0: Ball 2-0: Ball 3-0: Called Strike 3-1: Foul Ball, location: 2F 3-2: Strikes out swinging
|
Pitching: LHP Tadao Yoshida
|
|
Pinch Hitting: LHB Tommy Payne
|
0-0: Called Strike 0-1: Ball 1-1: Ball 2-1: Foul Ball, location: 2F 2-2: Strikes out looking
|
Top of the 8th over - 1 run, 3 hits, 0 errors, 2 left on base; Hendersonville 1 - New Orleans 2 |
BOTTOM OF THE 8TH |
New Orleans Looters batting - Pitching for Hendersonville Hitmen : RHP Júlio Lucchi
|
Pitching: RHP Tony Murillo
|
|
Now at SS: Milo Glenn
|
|
Now in LF: José Berroa
|
|
Now in CF: Tommy Payne
|
|
Now in RF: Ralph Schultz
|
|
Batting: SHB Arturo Sánchez
|
0-0: Foul Ball, location: 2F 0-1: Called Strike 0-2: Strikes out looking
|
Batting: RHB Ramón Hernández
|
0-0: Foul Ball, location: 2F 0-1: DOUBLE (Line Drive, 7LM)
|
Batting: RHB Greg Handrahan
|
0-0: Foul Ball, location: 2F 0-1: Foul Ball, location: 2F 0-2: Ball 1-2: Ball 2-2: 2-RUN HOME RUN (Flyball, 7LD), Distance : 342 ft
|
Pitching: RHP Guy Hebert
|
|
Pinch Hitting: LHB Ryan Flynn
|
0-0: Fly out, F4 (Popup, 4D)
|
Batting: RHB Tim Gardner
|
0-0: Ball 1-0: Ball 2-0: Ball 3-0: Base on Balls
|
Batting: RHB Run-ming Zhu
|
0-0: Ball 1-0: Foul Ball, location: 2F 1-1: Fly out, F7 (Flyball, 7)
|
Bottom of the 8th over - 2 runs, 2 hits, 0 errors, 1 left on base; Hendersonville 1 - New Orleans 4 |
TOP OF THE 9TH |
Hendersonville Hitmen batting - Pitching for New Orleans Looters : LHP Tadao Yoshida
|
Now in LF: Ryan Flynn
|
|
Batting: SHB Rick Turner
|
0-0: Fly out, F9 (Line Drive, 9)
|
Batting: RHB Felipe Jareño
|
0-0: Ball 1-0: Ground out 6-3 (Groundball, 6)
|
Batting: SHB Félix Montoya
|
0-0: Ball 1-0: Ball 2-0: Called Strike 2-1: SINGLE (Line Drive, 4)
|
Batting: LHB Miguel García
|
0-0: Ball 1-0: Ball 2-0: SINGLE (Line Drive, 9S) Félix Montoya to second
|
Batting: RHB Carlos Flores
|
0-0: Called Strike 0-1: Foul Ball, location: 2F 0-2: Ball 1-2: Ball 2-2: Foul Ball, location: 2F 2-2: Foul Ball, location: 2F 2-2: Ball 3-2: Base on Balls Félix Montoya to third Miguel García to second
|
Batting: LHB José Berroa
|
0-0: Ball 1-0: Foul Ball, location: 2F 1-1: Called Strike 1-2: Ball 2-2: Strikes out looking
|
Top of the 9th over - 0 runs, 2 hits, 0 errors, 3 left on base; Hendersonville 1 - New Orleans 4 |
|